 Dungeon Crawl Stone Soup version 0.29.0 (webtiles) character file.

Game seed: 14942201053627285761

238 thesequoiad the Chopper (level 5, 0/48 HPs)
             Began as a Minotaur Fighter on Aug 30, 2022.
             Splashed by a jelly's acid (8 damage)
             ... on level 3 of the Dungeon.
             The game lasted 00:05:12 (2345 turns).

thesequoiad the Chopper (Minotaur Fighter)          Turns: 2345, Time: 00:05:14

Health: 0/48       AC:  0    Str: 28    XL:     5   Next: 78%
Magic:  4/4        EV:  9    Int:  5    God:
Gold:   96         SH:  5    Dex: 10    Spells: 4/4 levels left

rFire   . . .      SeeInvis .   a - +0 war axe
rCold   . . .      Faith    .   c - +1 buckler
rNeg    . . .      Spirit   .   b - +0 scale mail
rPois   .          Reflect  .   (helmet restricted)
rElec   .          Harm     .   (no cloak)
rCorr   .          Rampage  .   j - +0 pair of gloves
Will    .....                   (no boots)
Stlth   ..........              f - amulet of the acrobat
HPRegen 0.16/turn               n - +6 ring of strength
MPRegen 0.09/turn               (no ring)

@: corroded
A: horns 2, retaliatory headbutt
a: no special abilities


You were on level 3 of the Dungeon.
You visited 1 branch of the dungeon, and saw 3 of its levels.

You collected 96 gold pieces.

Inventory:

Hand Weapons
 a - a +0 war axe (weapon)
Missiles
 k - 3 poisoned darts (quivered)
Armour
 b - a +0 scale mail (worn)
 c - a +1 buckler (worn)
 j - a +0 pair of gloves (worn)
Jewellery
 f - an amulet of the acrobat (around neck)
 n - a +6 ring of strength (left hand)
Wands
 d - a wand of paralysis (10)
Scrolls
 h - 2 scrolls of teleportation
Potions
 e - a potion of mutation {unknown}
 g - a potion of flight {unknown}
 i - a potion of lignification {unknown}
 l - a potion of attraction {unknown}
 m - a potion of invisibility {unknown}
 o - 2 potions of curing {unknown}
 p - a potion of resistance {unknown}


   Skills:
 + Level 5.2 Fighting
 * Level 6.4 Axes
 - Level 3.6 Armour
 - Level 3.6 Shields


You had 4 spell levels left.
You didn't know any spells.
Your spell library contained the following spells:

 Spells                   Type           Power      Damage    Failure   Level
 Magic Dart               Conj           0%         1d3       83%         1
 Necrotise                Necr           0%         1d4       83%         1
 Searing Ray              Conj           0%         2d4       92%         2
 Sublimation of Blood     Necr           0%         N/A       92%         2
 Vampiric Draining        Necr           0%         2d6       99%         3
 Fulminant Prism          Conj/Hex       0%         3d6       100%        4
 Petrify                  Tmut/Erth      0%         N/A       100%        4
 Agony                    Necr           0%         N/A       100%        5
 Irradiate                Conj/Tmut      0%         3d11      100%        5


Dungeon Overview and Level Annotations

Branches:
Dungeon (3/15)

Altars:
Cheibriados
Fedhas
Makhleb
Uskayaw

Annotations:
D:1 2 transporters
D:2 1 runed translucent door, Crazy Yiuf


Innate Abilities, Weirdness & Mutations

You have a pair of horns on your head.
You reflexively headbutt those who attack you in melee.


Message History

Things that are here:
a +0 short sword; 2 stones; a kobold corpse You hit the endoplasm but do no damage.
The endoplasm freezes you.
You are frozen.
You slash the endoplasm!
You kill the endoplasm!
The endoplasm barely misses you.
You barely miss the endoplasm. You headbutt the endoplasm.
The endoplasm is almost dead.
The endoplasm barely misses you. You furiously retaliate!
You headbutt the endoplasm.
You kill the endoplasm!
You start resting.
A jelly is nearby!
The jelly quivers.
Things that are here:
a +0 short sword; 2 stones; a kobold corpse
There is an open door here.
You close the door.
You hear a slurping noise.
The jelly eats the door!
A jelly is nearby!
You hit the jelly but do no damage. The acid corrodes you!
Your hands burn!
The jelly hits you.
You are splashed with acid!
You hit the jelly.
Your hands burn!
You headbutt the jelly.
The jelly is lightly wounded.
You block the jelly's attack.
You slash the jelly!
Your hands burn!
* * * LOW HITPOINT WARNING * * *
The jelly is heavily wounded.
The jelly hits you but does no damage. x2
You hit the jelly. The acid corrodes you!
Your hands burn!
* * * LOW HITPOINT WARNING * * *
You headbutt the jelly.
The jelly is almost dead.
The jelly hits you.
* * * LOW HITPOINT WARNING * * *
You are splashed with acid!
You die...

####..............#............
#..............#............
#############.......########
#######* #######.########
#......############.#....#
#......'##......###......#
#.÷....#.#.......##.#....#
#÷P÷PP.#.#......).'.#.#..#
#...÷JJ#)#@.......'...#..#
#.P...J#.#J#......'......#
#....÷J#J#.#.....##)#.#..##
#P..P..#.#.#....###........
#".÷...##.#########........
********###*****##)).......
***#**,#,*#).........
*,,....#.##)......#..
*,,................#.


You could see a jelly.

Vanquished Creatures
  An ice beast (D:3)
  A jelly (D:3)
  A mummy (D:3)
  4 adders (D:2)
  2 dart slugs
  6 ball pythons
  11 endoplasms
  A giant cockroach (D:3)
  A goblin (D:2)
  8 hobgoblins
  2 jackals (D:1)
  10 kobolds
  3 quokkas
  2 bats
  2 frilled lizards
  2 rats (D:2)
57 creatures vanquished.

Vanquished Creatures (others)
  9 fungi
  6 toadstools (D:3)
15 creatures vanquished.

Grand Total: 72 creatures vanquished

Notes
Turn   | Place    | Note
-------+----------+-------------------------------------------
     0 | D:1      | thesequoiad the Minotaur Fighter began the quest for the
                  | Orb.
     0 | D:1      | Reached XP level 1. HP: 19/19 MP: 0/0
   152 | D:1      | Reached XP level 2. HP: 27/27 MP: 1/1
   681 | D:2      | Reached skill level 3 in Axes
   853 | D:2      | Found a runed translucent door.
   854 | D:2      | Noticed Crazy Yiuf
  1086 | D:2      | Reached XP level 3. HP: 34/34 MP: 2/2
  1093 | D:2      | You fall into a shaft and drop 1 floor!
  1394 | D:2      | Reached skill level 4 in Axes
  1526 | D:2      | Reached XP level 4. HP: 41/41 MP: 3/3
  1579 | D:2      | Found a faded altar of an unknown god.
  1907 | D:3      | Noticed an ice beast
  1914 | D:3      | Killed an ice beast
  1915 | D:3      | Reached skill level 5 in Fighting
  1915 | D:3      | Reached skill level 5 in Axes
  1915 | D:3      | Reached XP level 5. HP: 48/48 MP: 4/4
  1962 | D:3      | Found a snail-covered altar of Cheibriados.
  2146 | D:3      | Found a hide-covered altar of Uskayaw.
  2165 | D:3      | Found a burning altar of Makhleb.
  2165 | D:3      | Found a blossoming altar of Fedhas.
  2272 | D:3      | Reached skill level 6 in Axes
  2345 | D:3      | Splashed by a jelly's acid

Illustrated notes

Levels and vault maps discovered:
D:1:      spicycebolla_arrival_transporter_tutorial, layout_loops_cross
D:2:      minmay_diamond_boxcup, layout_basic,
          hellmonk_ecumenical_altar_inner_sanctum, minmay_shallow_snake_nest,
          uniq_crazy_yiuf_cottage
D:3:      cheibrodos_fertilizer, layout_rooms, slow_altar_1,
          grunt_temple_overflow_open, mainiacjoe_overflow_small_starburst,
          lemuel_round_altar

Skill      XL: |  1  2  3  4  5 |
---------------+----------------+-----
Fighting       | 4 5 |  5.2
Axes           | 3 4 5 6 |  6.4
Armour         | |  3.6
Shields        | |  3.6

Action                   |  1- 3 |  4- 6 || total
-------------------------+-------+-------++-------
Melee: War axe           |    72 |    48 ||   120
       Headbutt          |     7 |     8 ||    15
Throw: Dart              |     3 |     3 ||     6
  Use: Scroll            |     4 |     1 ||     5
       Potion            |       |     1 ||     1
Armor: Scale mail        |    30 |    15 ||    45
Dodge: Dodged            |    37 |    15 ||    52
Block: Buckler           |    18 |    12 ||    30
